 Dungeon Crawl Stone Soup version 0.30-a0-723-gc1506a1cf0 (webtiles) character file.

Game seed: 15844137742303065836

293809 junb69 the Black Belt (level 20, -19/174 HPs)
             Began as an Octopode Transmuter on Jan 26, 2023.
             Was the Champion of Dithmenos.
             Killed from afar by a crystal guardian (45 damage)
             ... with a crystal bolt
             ... led by a peacekeeper
             ... on level 3 of the Vaults on Jan 28, 2023.
             The game lasted 03:07:34 (53176 turns).

junb69 the Black Belt (Octopode Transmuter)        Turns: 53176, Time: 03:07:35

Health: -19/174    AC: 20    Str: 13    XL:     20   Next: 84%
Magic:  17/47      EV: 16    Int: 29    God:    Dithmenos [******]
Gold:   2748       SH:  0    Dex: 14    Spells: 16/47 levels left

rFire   . . .      SeeInvis .      - Unarmed
rCold   + + +      Faith    +    (shield currently unavailable)
rNeg    . . .      Spirit   .    (helmet currently unavailable)
rPois   +          Reflect  .    t - amulet of faith
rElec   .          Harm     .    R - +4 ring of protection
rCorr   +          Rampage  .    p - ring of wizardry
Will    ++...                    x - ring of willpower
Stlth   ++++++++                 (no ring)
HPRegen 0.49/turn                K - ring "Ylan" {rCorr MP+9 Stlth+}
MPRegen 0.30/turn                H - +4 ring of slaying
                                 m - ring "Fiukilyk" {rF+ rC+ Int+2 Slay+2}
                                 a - +6 ring of intelligence

@: ice-form, marked, wreathed by umbra
A: freezing attack, boosted hp, almost no armour, amphibious, 8 rings, large,
(camouflage 1), (gelatinous body 1), (nimble swimmer 1), (tentacles), (tentacle
spike 1), (iridescent scales 1), strong 1
}: 2/15 runes: barnacled, gossamer
a: End Transformation, Renounce Religion, Shadow Step, Shadow Form


You were on level 3 of the Vaults.
You worshipped Dithmenos.
Dithmenos was exalted by your worship.
You were a creature of crystalline ice.
You visited 8 branches of the dungeon, and saw 35 of its levels.
You also visited: Gauntlet.

You collected 3496 gold pieces.
You spent 748 gold pieces at shops.

Inventory:

Missiles
 F - 9 throwing nets
Armour
 V - the +3 crown of Dyrovepreva (melded) {rElec Int+2 SInv}
   (You found it on level 4 of the Shoals)

   Int:       It affects your intelligence (+2).
   rElec:     It insulates you from electricity.
   SInv:      It lets you see invisible.
Magical Staves
 g - a staff of cold (melded)
 U - a staff of earth
Jewellery
 a - a +6 ring of intelligence (on tentacle)
 b - an amulet of regeneration
 c - the ring "Vexofic" {AC+4 Str+3}
   (You took it off a vault sentinel on level 1 of the Vaults)

   [ring of protection]

   AC:        It affects your AC (+4).
   Str:       It affects your strength (+3).
 m - the ring "Fiukilyk" (on tentacle) {rF+ rC+ Int+2 Slay+2}
   (You acquired it on level 1 of the Lair of Beasts)

   [ring of protection from fire]

   Int:       It affects your intelligence (+2).
   Slay:      It affects your accuracy & damage with ranged weapons and melee
   (+2).
   rF:        It protects you from fire.
   rC:        It protects you from cold.
 p - a ring of wizardry (right front paw)
 t - an amulet of faith (around neck)
 x - a ring of willpower (on tentacle)
 H - a +4 ring of slaying (on tentacle)
 K - the ring "Ylan" (on tentacle) {rCorr MP+9 Stlth+}
   (You found it in a Gauntlet)

   [ring of magical power]

   MP:        It affects your magic capacity (+9).
   rCorr:     It protects you from acid and corrosion.
   Stlth:     It makes you more stealthy.
 R - a +4 ring of protection (left front paw)
Wands
 n - a wand of flame (57)
 w - a wand of mindburst (17)
 z - a wand of iceblast (33)
 E - a wand of digging (12)
 G - a wand of quicksilver (9)
 J - a wand of charming (13)
 T - a wand of polymorph (8)
Scrolls
 e - a scroll of enchant armour
 f - a scroll of teleportation
 o - 9 scrolls of amnesia
 r - 5 scrolls of blinking
 v - 5 scrolls of silence
 D - 6 scrolls of fear
 O - 2 scrolls of magic mapping
 P - 8 scrolls of identify
 Q - 6 scrolls of fog
 S - 3 scrolls of summoning
Potions
 d - 3 potions of ambrosia
 i - 9 potions of flight
 k - a potion of invisibility
 l - 4 potions of resistance
 q - 14 potions of curing
 s - 2 potions of haste
 u - 6 potions of might
 B - a potion of magic
 C - 4 potions of berserk rage
 I - 4 potions of brilliance


   Skills:
 - Level 15.2 Fighting
 - Level 14.1 Dodging
 - Level 7.1 Stealth
 - Level 15.2 Unarmed Combat
 - Level 14.4 Spellcasting
 - Level 7.1 Conjurations
 - Level 6.9 Necromancy
 - Level 11.1 Transmutations
 - Level 12.0 Ice Magic
 - Level 7.2 Air Magic
 * Level 9.0 Earth Magic
 - Level 6.1 Invocations
 - Level 6.1 Evocations


You had 16 spell levels left.
You knew the following spells:

 Your Spells              Type           Power      Damage    Failure   Level
a - Tukima's Dance        Hex            20%        N/A       2%          3
b - Ice Form              Ice/Tmut       73%        N/A       1%          4
c - Freezing Cloud        Conj/Ice/Air   32%        6-21      1%          5
d - Simulacrum            Ice/Necr       33%        N/A       3%          6
e - Necromutation         Tmut/Necr      32%        N/A       80%         8
f - Borgnjor's Vile Clut  Necr/Erth      30%        N/A       1%          5

Your spell library contained the following spells:

 Spells                   Type           Power      Damage    Failure   Level
 Freeze                   Ice            100%       1d10      0%          1
 Apportation              Tloc           40%        N/A       1%          1
 Beastly Appendage        Tmut           100%       N/A       1%          1
 Magic Dart               Conj           100%       1d8       1%          1
 Shock                    Conj/Air       100%       1d9       1%          1
 Sting                    Tmut/Pois      100%       1d8       1%          1
 Summon Small Mammal      Summ           80%        N/A       1%          1
 Poisonous Vapours        Pois/Air       82%        N/A       1%          2
 Scorch                   Fire           40%        2d7       1%          2
 Searing Ray              Conj           100%       2d8       1%          2
 Wereblood                Tmut           72%        N/A       1%          2
 Frozen Ramparts          Ice            100%       1d16      1%          3
 Hailstorm                Conj/Ice       67%        3d14      1%          3
 Spider Form              Tmut/Pois      52%        N/A       1%          3
 Swiftness                Air            58%        N/A       1%          3
 Airstrike                Air            29%        2d(5-21)  1%          4
 Summon Ice Beast         Ice/Summ       54%        N/A       1%          4
 Blade Hands              Tmut           36%        N/A       1%          5
 Iskenderun's Battlesphe  Conj           58%        2d11      1%          5
 Call Canine Familiar     Summ           20%        N/A       2%          3
 Portal Projectile        Hex/Tloc       40%        N/A       2%          3
 Summon Guardian Golem    Hex/Summ       20%        N/A       2%          3
 Flame Wave               Conj/Fire      41%        2d11      2%          4
 Fulminant Prism          Conj/Hex       20%        3d12      2%          4
 Alistair's Intoxication  Tmut/Pois      34%        N/A       2%          5
 Yara's Violent Unravell  Hex/Tmut       26%        3d11      2%          5
 Fireball                 Conj/Fire      20%        3d10      6%          5
 Conjure Ball Lightning   Conj/Air       29%        3x3d8     8%          6
 Olgreb's Toxic Radiance  Pois           20%        N/A       10%         4
 Passage of Golubria      Tloc           20%        N/A       10%         4
 Eringya's Noxious Bog    Tmut/Pois      26%        N/A       16%         6
 Summon Forest            Summ/Tloc      10%        N/A       26%         5
 Summon Mana Viper        Hex/Summ       20%        N/A       26%         5
 Starburst                Conj/Fire      20%        6d7       32%         6
 Orb of Destruction       Conj           29%        9d9       38%         7
 Summon Cactus Giant      Summ           10%        N/A       78%         6
 Borgnjor's Revivificati  Necr           28%        N/A       97%         8
 Polar Vortex             Ice            37%        N/A       99%         9
 Monstrous Menagerie      Summ           10%        N/A       100%        7
 Summon Hydra             Summ           10%        N/A       100%        7
 Death's Door             Necr           28%        N/A       100%        9
 Animate Armour           Summ/Erth      Unusable   N/A       N/A         4

Dungeon Overview and Level Annotations

Branches:
Dungeon (15/15)            Temple (1/1) D:4            Lair (5/5) D:11
 Shoals (4/4) Lair:2       Spider (4/4) Lair:3        Slime (0/5) Lair:5
    Orc (2/2) D:11            Elf (1/3) Orc:2        Vaults (3/5) D:14
 Depths (0/4) D:15        Gauntlet (visited)
  Crypt: Vaults:2-3

Altars:
Ashenzari
Cheibriados
Dithmenos
Elyvilon
Fedhas
Gozag
Hepliaklqana
Kikubaaqudgha
Makhleb
Nemelex Xobeh
Okawaru
Qazlal
Ru
Sif Muna
Trog
Uskayaw
Vehumet
Wu Jian
Xom
Yredelemnul
Zin
The Shining One
Jiyva
Lugonu

Shops:
D:5 ?   D:7 !   D:9 (   D:13 [   D:15 (   Orc:2 **=*

Portals:
Abyss: D:3
Trove: D:12 (give horn of Geryon)

Annotations:
D:2 1 runed translucent door, Crazy Yiuf
D:12 1 runed translucent door, exclusion: door
Lair:5 2 transporters, rigao's ghost, journeyman GrBr
Shoals:1 2 transporters, exclusion: downstairs, Bynyse's ghost, adept DECj
Shoals:2 Louise
Vaults:2 exclusion: door, Margery
Vaults:3 Frederick


Innate Abilities, Weirdness & Mutations

You are a creature of crystalline ice.
You have a powerful freezing melee attack.
Your maximum health is increased.
Your armour is entirely melded.
You are incapable of wielding weapons or throwing items.
You cannot wear most types of armour.
You are amphibious.
You can wear up to eight rings at the same time.
((Your skin changes colour to match your surroundings (Stealth+).))
((Your rubbery body absorbs attacks. (AC +1, EV +1)))
((You are camouflaged when in or above water. (Stealth+)))
((You have tentacles for arms and can constrict up to eight enemies at once.))
((One of your tentacles bears a spike.))
((You are partially covered in iridescent scales. (AC +2)))
Your muscles are strong. (Str +4, Int/Dex -1)


Message History

Casting: Simulacrum (mildly dangerous; 3% risk of failure)
Confirm with . or Enter, or press ? or * to list all spells.
Aiming: Borgnjor's Vile Clutch (mildly dangerous; 1% risk of failure)
Press: ? - help, Shift-Dir - straight line, f - wizard
Aim: a wizard, wielding a +0 dagger and wearing a +0 robe (wandering, hasn't noticed you, umbra, 100% to hit)
The wizard shouts!
Zombie hands grab the wizard.
A sourceless malevolence fills the Vaults...
With a horrendous wail, an alarm goes off!
A sentinel's mark forms upon you.
The zombie hands constrict the wizard.
You hear a deafening roar!
You hear a shout! x2
You hear a horrible gurgling sound! x2; You hear a shout! x11; You hear a roar!
You hear a shout! x9
The wizard struggles to escape constriction.
You hear a shout! x6
Casting: Borgnjor's Vile Clutch (mildly dangerous; 1% risk of failure)
Confirm with . or Enter, or press ? or * to list all spells.
Aiming: Freezing Cloud (mildly dangerous; 1% risk of failure)
Press: ? - help, Dir - move target, f/p - wizard
Aim: a wizard, wielding a +0 dagger and wearing a +0 robe (lightly wounded, constricted by zombie hands, ally target, umbra)
The zombie hands constrict the wizard!
You hear a shout! x3
The wizard is engulfed in freezing vapours.
The wizard struggles to escape constriction.
You hear a shout! x2
The zombie hands constrict the wizard!
The wizard is engulfed in freezing vapours.
You kill the wizard!
Dithmenos accepts your kill.
The crystal guardian fires a crystalline bolt at you.
The crystal bolt misses you.
As you read the scroll of summoning, it crumbles to dust.
Wisps of shadow whirl around you...
Your slime creature simulacrum hits the crystal guardian but does no damage.
Frederick the Flawless comes into view.
He is wielding a +6 battleaxe of electrocution.
The crystal guardian fires a crystalline bolt at you.
The crystal bolt burns your vault guard!!!
The crystal bolt burns you!!!
You die...

####################
.........p..p.§§§...
............Y.§§§...
..............§p§...
.....†..Z.p.p.p.....
......§99...........
######§##########..
#.....§†§Z§§§.# .
#.#.#.#§#Z#§#.# #.#
#.#§#§#!#.# #.# #
#######.#


You could see a crystal guardian (ally target), a peacekeeper, a friendly
ironbound preserver (summoned), a friendly vault warden (summoned), 2 friendly
vault guards, a friendly vault sentinel (summoned), a friendly ironbound
convoker (summoned, wandering) and a friendly slime creature simulacrum.

Vanquished Creatures
  Nikola (Spider:1)
  Arachne (Spider:3)
  Rupert (D:15)
  Polyphemus (Shoals:2)
  Kirke (Spider:1)
  3 krakens
  A tengu reaver (Vaults:1)
  Donald (Elf:1)
  Aizul (Shoals:2)
  2 ghost moths (Spider:4)
  4 vault wardens
  An orc warlord (Vaults:3)
  4 ironbound preservers
  4 very ugly things (Vaults:1)
  A war gargoyle (Vaults:2)
  6 ironbound thunderhulks
  A minotaur (Gauntlet)
  A crystal guardian (Vaults:1)
  2 dire elephants
  Snorg (D:14)
  10 merfolk impalers
  3 merfolk javelineers
  6 yaktaur captains
  A deep elf high priest (Elf:1)
  An entropy weaver (Gauntlet)
  3 great orbs of eyes
  A vault guard (D:14)
  An ice dragon (D:15)
  2 peacekeepers
  A hydra (Lair:4)
  A radroach (Spider:4)
  3 ogre magi
  A death knight (D:13)
  3 ironbound frosthearts
  9 centaur warriors
  7 merfolk avatars
  4 merfolk aquamancers
  2 catoblepae
  5 satyrs
  11 two-headed ogres
  A two-headed ogre (shapeshifter) (Elf:1)
  An alligator snapping turtle (Shoals:2)
  13 dancing weapons (Elf:1)
  9 boulder beetles
  14 deep elf knights (Elf:1)
  A tengu warrior (D:13)
  7 death yaks
  3 orc high priests (Orc:2)
  Nergalle (Lair:2)
  2 pharaoh ants
  A sun moth (Spider:3)
  9 sea snakes
  5 deep trolls
  A spectral anaconda (Lair:5)
  A kraken simulacrum (Shoals:4)
  An orb spider (Spider:2)
  6 deep elf archers (Elf:1)
  7 lindwurms
  An obsidian statue (Lair:5)
  8 wizards
  11 harpies
  5 ironbound convokers
  21 deep elf pyromancers
  13 deep elf zephyrmancers (Elf:1)
  Pikel (D:7)
  4 necromancers (Lair:5)
  15 wolf spiders
  8 orc knights
  20 ugly things
  20 elephants
  5 cyclopes
  3 orc sorcerers (Orc:2)
  15 fauns
  A moth of wrath (Spider:4)
  24 manticores
  6 torpor snails
  7 merfolk sirens
  2 black mambas
  7 vault sentinels
  8 water nymphs
  2 gargoyles
  5 cane toads
  An unseen horror (D:10)
  3 rime drakes
  11 yaktaurs
  5 komodo dragons
  Psyche (D:8)
  3 kobold demonologists
  2 tengu conjurers (D:14)
  6 wind drakes
  31 merfolk
  A polar bear (Lair:5)
  6 trolls
  6 meliai
  9 tarantellas
  A queen bee (Lair:3)
  16 blink frogs
  Prince Ribbit (D:8)
  9 jumping spiders
  8 snapping turtles
  11 dream sheep
  8 culicivoras
  14 slime creatures
  14 flying skulls (Gauntlet)
  A shadow (D:11)
  2 air elementals (Elf:1)
  70 yaks
  5 wraiths
  5 wyverns
  11 water elementals
  2 yaks (shapeshifter)
  A hog (Spider:1)
  14 basilisks
  3 fire elementals (Elf:1)
  Grum (D:8)
  A steam dragon (D:8)
  Menkaure (D:7)
  4 death yak simulacra (Lair:5)
  2 vampire mosquitoes
  26 redbacks
  2 spectral cane toads (Lair:5)
  6 wargs
  6 water moccasins
  3 acid dragons
  A sky beast (D:8)
  2 ice beasts
  25 orc warriors
  A black bear (D:5)
  2 elephant zombies (Lair:5)
  7 ogres
  24 wolves
  An elephant skeleton (Lair:5)
  14 centaurs
  A lemure (D:7)
  4 kobold brigands
  A gnoll sergeant (D:10)
  2 scorpions
  9 bullfrogs
  2 cane toad simulacra (Lair:5)
  5 wights
  36 killer bees
  A vampire bat (Orc:2)
  4 electric eels
  A howler monkey (D:9)
  A gnoll bouda (D:6)
  22 orc priests
  2 hounds
  3 jellies (Lair:5)
  2 iguanas
  19 orc wizards
  5 hell rats (Lair:5)
  9 gnolls
  8 adders
  2 white imps
  3 worms
  3 dart slugs
  75 orcs
  5 ball pythons
  10 endoplasms
  4 giant cockroaches
  6 hobgoblins
  4 jackals (D:2)
  4 quokkas
  11 bats
  4 frilled lizards
  18 goblins
  22 kobolds
  4 rats
  2 butterflies (D:14)
  A tentacle (Shoals:4)
1133 creatures vanquished.

Vanquished Creatures (collateral kills)
  Mlioglotl (Spider:3)
  A sphinx (Vaults:2)
  4 emperor scorpions (Spider:4)
  3 broodmothers
  A war gargoyle (Vaults:1)
  3 ironbound preservers (Vaults:1)
  4 very ugly things (Vaults:1)
  An ironbound thunderhulk (Vaults:1)
  2 spark wasps
  A crystal guardian (Vaults:3)
  An entropy weaver (Spider:1)
  An ettin (Vaults:2)
  A great orb of eyes (Vaults:1)
  A jorogumo (Spider:1)
  An alligator snapping turtle (Shoals:4)
  2 radroaches
  3 boulder beetles
  A satyr (Shoals:4)
  A death scarab (Spider:4)
  A sea snake (Shoals:4)
  2 pharaoh ants
  11 orb spiders
  5 deep trolls
  7 steelbarb worms
  A wizard (Vaults:3)
  12 wolf spiders
  An orc knight (Vaults:3)
  2 lindwurms (Vaults:3)
  A manticore (Shoals:4)
  A moth of wrath (Spider:4)
  6 ugly things
  6 demonic crawlers
  2 vault sentinels
  A torpor snail (Spider:4)
  4 yaktaurs
  3 meliai
  17 tarantellas
  5 slime creatures
  7 culicivoras
  19 jumping spiders
  4 hogs (Spider:1)
  22 redbacks
173 creatures vanquished.

Vanquished Creatures (others)
  A deep elf pyromancer (Elf:1)
  5 dream sheep (D:8)
  A water elemental (Shoals:3)
  An air elemental (Elf:1)
  An orc (D:11)
  35 fungi
  2 lurking horrors (D:3)
  95 plants
  38 tentacles
  16 withered plants (Lair:5)
195 creatures vanquished.

Grand Total: 1501 creatures vanquished

Notes
Turn   | Place    | Note
-------+----------+-------------------------------------------
     0 | D:1      | junb69 the Octopode Transmuter began the quest for the Orb.
     0 | D:1      | Reached XP level 1. HP: 13/13 MP: 3/3
   158 | D:1      | Reached XP level 2. HP: 18/18 MP: 3/5
   694 | D:2      | Reached XP level 3. HP: 17/23 MP: 4/6
  1245 | D:2      | Reached XP level 4. HP: 15/28 MP: 5/7
  1285 | D:2      | Learned a level 4 spell: Ice Form
  1462 | D:2      | Found a runed translucent door.
  1463 | D:2      | Noticed Crazy Yiuf
  1688 | D:2      | Reached skill level 1 in Ice Magic
  2014 | D:3      | Reached XP level 5. HP: 24/33 MP: 6/8
  2079 | D:3      | Found an ornate altar of the Wu Jian Council.
  2288 | D:3      | Found a corrupted altar of Lugonu.
  2288 | D:3      | Found a one-way gate to the infinite horrors of the Abyss.
  2563 | D:3      | Found a glowing golden altar of the Shining One.
  2566 | D:3      | Noticed an angel
  2580 | D:3      | Found a basalt altar of Yredelemnul.
  2650 | D:3      | Found a faded altar of an unknown god.
  2654 | D:3      | Found a white marble altar of Elyvilon.
  2952 | D:4      | Noticed an ogre
  3172 | D:4      | Found a staircase to the Ecumenical Temple.
  3192 | Temple   | Entered the Ecumenical Temple
  3410 | Temple   | Became a worshipper of Dithmenos the Shadowed
  3450 | D:4      | Killed an ogre
  3451 | D:4      | Reached XP level 6. HP: 38/39 MP: 5/9
  4036 | D:5      | Entered Level 5 of the Dungeon
  4187 | D:5      | Noticed a black bear
  4202 | D:5      | Killed a black bear
  4203 | D:5      | Reached XP level 7. HP: 46/46 MP: 6/12
  4331 | D:5      | Reached * piety under Dithmenos
  4393 | D:5      | Found Tacw's Magic Scroll Shoppe.
  4401 | D:5      | Bought a scroll of identify for 30 gold pieces
  4407 | D:5      | Bought a scroll of identify for 30 gold pieces
  4407 | D:5      | Bought a scroll of identify for 30 gold pieces
  4409 | D:5      | Gained mutation: One of your tentacles bears a spike.
                  | [potion of mutation]
  4409 | D:5      | Gained mutation: Your muscles are strong. (Str +4, Int/Dex
                  | -1) [potion of mutation]
  4409 | D:5      | Gained mutation: You are partially covered in iridescent
                  | scales. (AC +2) [potion of mutation]
  4601 | D:5      | Found a blossoming altar of Fedhas.
  4601 | D:5      | Found a burning altar of Makhleb.
  4603 | D:5      | Found a hide-covered altar of Uskayaw.
  4988 | D:6      | Reached skill level 5 in Unarmed Combat
  5228 | D:6      | Reached skill level 5 in Fighting
  5228 | D:6      | Reached XP level 8. HP: 55/55 MP: 9/13
  5542 | D:7      | Found Duxkerau's Distillery.
  5578 | D:7      | Reached ** piety under Dithmenos
  5587 | D:7      | Bought a potion of curing for 42 gold pieces
  5682 | D:7      | Noticed Pikel
  5705 | D:7      | Killed Pikel
  5706 | D:7      | Reached XP level 9. HP: 60/64 MP: 4/14
  5940 | D:7      | Noticed Menkaure
  5950 | D:7      | Killed Menkaure
  6474 | D:8      | Reached skill level 1 in Stealth
  6652 | D:8      | Noticed Prince Ribbit
  6669 | D:8      | Killed Prince Ribbit
  6810 | D:8      | Found a shimmering altar of Xom.
  6960 | D:8      | Learned a level 5 spell: Freezing Cloud
  7128 | D:8      | Noticed Grum
  7128 | D:8      | Noticed Psyche
  7141 | D:8      | Killed Grum
  7142 | D:8      | Reached XP level 10. HP: 72/72 MP: 11/15
  7145 | D:8      | Reached *** piety under Dithmenos
  7152 | D:8      | Killed Psyche
  7153 | D:8      | Reached skill level 5 in Transmutations
  7514 | D:8      | Reached skill level 1 in Conjurations
  7514 | D:8      | Reached skill level 1 in Air Magic
  7895 | D:9      | Found Uchae's Antique Weapon Shop.
  8175 | D:9      | Reached **** piety under Dithmenos
  8707 | D:10     | Entered Level 10 of the Dungeon
  8738 | D:10     | Noticed a gargoyle
  8763 | D:10     | Killed a gargoyle
  8884 | D:10     | Found a snail-covered altar of Cheibriados.
  8884 | D:10     | Noticed a two-headed ogre
  8888 | D:10     | Killed a two-headed ogre
  8889 | D:10     | Reached XP level 11. HP: 77/77 MP: 16/18
  8935 | D:10     | Found a sacrificial altar of Ru.
  8941 | D:10     | Found a radiant altar of Vehumet.
  8941 | D:10     | Found a sparkling altar of Nemelex Xobeh.
  8967 | D:10     | Reached skill level 5 in Spellcasting
  9883 | D:10     | Noticed a two-headed ogre
  9895 | D:10     | Reached ***** piety under Dithmenos
 10043 | D:11     | Noticed a two-headed ogre
 10049 | D:11     | Killed a two-headed ogre
 10282 | D:5      | Bought a scroll of magic mapping for 112 gold pieces
 10471 | D:11     | Found a staircase to the Orcish Mines.
 10604 | D:11     | Reached skill level 5 in Dodging
 10740 | D:11     | Reached skill level 5 in Conjurations
 11050 | D:11     | Reached skill level 5 in Ice Magic
 11178 | D:11     | Found a staircase to the Lair.
 11200 | D:11     | Reached XP level 12. HP: 81/86 MP: 17/19
 11293 | D:11     | Noticed a boulder beetle
 11585 | Lair:1   | Entered Level 1 of the Lair of Beasts
 12092 | Lair:1   | Noticed a death yak
 12112 | Lair:1   | Reached skill level 10 in Unarmed Combat
 12142 | Lair:1   | Noticed a boulder beetle
 12202 | Lair:1   | Noticed a death yak
 12212 | Lair:1   | Killed a death yak
 12217 | Lair:1   | Killed a death yak
 12490 | Lair:1   | Killed a boulder beetle
 13328 | Lair:1   | Identified 2 scrolls of acquirement
 13328 | Lair:1   | Acquired a staff of cold
 13339 | Lair:1   | Learned a level 3 spell: Tukima's Dance
 13339 | Lair:1   | Acquired the ring "Fiukilyk" {rF+ rC+ Int+2 Slay+2}
 13585 | Lair:2   | Noticed Nergalle
 13590 | Lair:2   | Reached XP level 13. HP: 91/91 MP: 8/23
 13594 | Lair:2   | Killed Nergalle
 13782 | Lair:2   | Reached skill level 10 in Fighting
 14075 | Lair:2   | Reached ****** piety under Dithmenos
 14805 | Lair:3   | Found a hole to the Spider Nest.
 16251 | Lair:4   | Reached XP level 14. HP: 99/99 MP: 14/27
 16350 | Lair:4   | Identified the +0 shortbow "Edghuuro" {freeze, Str+2
                  | Stlth+}
 16699 | Lair:5   | Entered Level 5 of the Lair of Beasts
 17399 | Lair:5   | Found a transporter.
 17643 | Lair:5   | Found a transporter.
 17656 | Lair:5   | Found a viscous altar of Jiyva.
 17666 | Lair:5   | Found a staircase to the Slime Pits.
 18132 | Lair:5   | Noticed a dire elephant
 18330 | Lair:5   | Reached skill level 10 in Spellcasting
 18753 | Lair:5   | Killed a dire elephant
 19710 | Orc:1    | Entered Level 1 of the Orcish Mines
 20423 | Orc:2    | Entered Level 2 of the Orcish Mines
 20607 | Orc:2    | Found a staircase to the Elven Halls.
 21507 | Orc:2    | Reached XP level 15. HP: 100/107 MP: 11/29
 21872 | Orc:2    | Found Bym Yhe's General Store.
 21872 | Orc:2    | Found Nagoneh's General Store.
 21874 | Orc:2    | Found Huung's General Store.
 21874 | Orc:2    | Found Kiqeumaseli's Jewellery Shoppe.
 21889 | Orc:2    | Bought a +6 ring of intelligence for 504 gold pieces
 22328 | D:12     | You fall into a shaft and drop 2 floors!
 22358 | D:14     | Found a gate leading to a gauntlet.
 22368 | Gauntlet | Entered a Gauntlet
 22368 | Gauntlet | Found a large runed translucent door.
 22368 | Gauntlet | Found a large runed translucent door.
 22368 | Gauntlet | Found a large runed translucent door.
 22368 | Gauntlet | Found a large runed translucent door.
 22368 | Gauntlet | Found a runed translucent door.
 22368 | Gauntlet | Found a large runed translucent door.
 22368 | Gauntlet | Found a large runed translucent door.
 22368 | Gauntlet | Found a transporter.
 22368 | Gauntlet | Found a transporter.
 22368 | Gauntlet | Found a large runed translucent door.
 22368 | Gauntlet | Found a large runed translucent door.
 22368 | Gauntlet | Found a runed translucent gate.
 22368 | Gauntlet | Found a runed translucent gate.
 22368 | Gauntlet | Found a transporter.
 22368 | Gauntlet | Found a transporter.
 22374 | Gauntlet | Found a runed translucent door.
 22375 | Gauntlet | Found a large runed translucent door.
 22375 | Gauntlet | Found a large runed translucent door.
 22375 | Gauntlet | Found a large runed translucent door.
 22375 | Gauntlet | Found a large runed translucent door.
 22376 | Gauntlet | Found a large runed translucent door.
 22376 | Gauntlet | Found a large runed translucent door.
 22377 | Gauntlet | Found a large runed translucent door.
 22377 | Gauntlet | Found a large runed translucent door.
 22381 | Gauntlet | Found a transporter.
 22391 | Gauntlet | Found a transporter.
 22407 | Gauntlet | Found a transporter.
 22417 | Gauntlet | Found a transporter.
 22432 | Gauntlet | Found a transporter.
 22438 | Gauntlet | Found a transporter.
 22452 | Gauntlet | Found a transporter.
 22469 | Gauntlet | Found a transporter.
 22514 | Gauntlet | Found a runed translucent gate.
 22851 | Gauntlet | Identified the +0 hat of Grottiness {Fly rF- Str+2}
 22894 | Gauntlet | Reached skill level 10 in Dodging
 22971 | Gauntlet | Identified the ring "Ylan" {rCorr MP+9 Stlth+}
 23031 | Gauntlet | Identified the +2 swamp dragon scales of Pride {Harm rPois
                  | rC+++ Int-3 Dex-3}
 23192 | D:14     | Identified the +7 rapier of Untruth {pain, Dex+3}
 24275 | D:12     | Found a portal to a secret trove of treasure.
 24375 | D:12     | Found a runed translucent door.
 24375 | D:12     | Noticed a sphinx
 24376 | D:12     | Noticed a sphinx
 24430 | D:12     | Upgraded the game from 0.30-a0-719-gcc4359ea44 to
                  | 0.30-a0-721-ga6a225cb13
 25357 | D:13     | Found Tivoakh's Antique Armour Shoppe.
 25673 | D:14     | Noticed Snorg
 25698 | D:14     | Killed Snorg
 26183 | D:14     | Found a gate to the Vaults.
 26218 | D:14     | Found an iron altar of Okawaru.
 26618 | D:15     | Entered Level 15 of the Dungeon
 26704 | D:15     | Reached XP level 16. HP: 115/116 MP: 21/30
 27233 | D:15     | Noticed Rupert
 27235 | D:15     | Paralysed by Rupert for 3 turns
 27248 | D:15     | Killed Rupert
 27363 | D:15     | Found Ocadum's Weapon Shoppe.
 27984 | D:15     | Found a staircase to the Depths.
 28320 | Elf:1    | Entered Level 1 of the Elven Halls
 29645 | Elf:1    | Identified the +5 longbow of the Two Names {heavy, Str+2}
 30061 | Elf:1    | Paralysed by an air elemental for 1 turns
 30094 | Elf:1    | Paralysed by an air elemental for 1 turns
 30162 | Elf:1    | Noticed Donald
 30176 | Elf:1    | Killed Donald
 30399 | Elf:1    | Identified the +6 quarterstaff "Bebb" {flame, rC+ Will-
                  | Dex+6}
 31026 | Elf:1    | Reached XP level 17. HP: 116/123 MP: 34/34
 31091 | Elf:1    | Reached skill level 10 in Transmutations
 32327 | Spider:1 | Entered Level 1 of the Spider Nest
 32634 | Shoals:1 | Entered Level 1 of the Shoals
 33577 | Shoals:1 | Found a transporter.
 33580 | Shoals:1 | Found a transporter.
 33595 | Shoals:1 | Noticed a kraken
 33756 | Shoals:1 | Noticed Bynyse's ghost (adept DECj)
 34908 | Shoals:2 | Noticed Polyphemus
 34916 | Shoals:2 | Killed Polyphemus
 34921 | Shoals:2 | Reached skill level 15 in Unarmed Combat
 35399 | Shoals:2 | Noticed Louise
 35569 | Shoals:2 | Noticed Aizul
 35598 | Shoals:2 | Killed Aizul
 35952 | Shoals:3 | Noticed a kraken
 36898 | Shoals:3 | Killed a kraken
 37312 | Shoals:3 | Reached skill level 5 in Stealth
 37567 | Shoals:3 | Reached XP level 18. HP: 132/132 MP: 32/35
 38557 | Shoals:4 | Entered Level 4 of the Shoals
 38709 | Shoals:4 | Reached skill level 10 in Ice Magic
 38908 | Shoals:4 | Got Byfimer's Omnibus of the Burn and Companions
 39972 | Shoals:4 | Got a barnacled rune of Zot
 40008 | Shoals:3 | Upgraded the game from 0.30-a0-721-ga6a225cb13 to
                  | 0.30-a0-723-gc1506a1cf0
 40404 | Shoals:4 | Learned a level 6 spell: Simulacrum
 40425 | Shoals:4 | Reached skill level 1 in Necromancy
 40786 | Shoals:4 | Learned a level 8 spell: Necromutation
 41316 | Shoals:4 | Found the +3 crown of Dyrovepreva {rElec Int+2 SInv}
 41742 | Lair:5   | Noticed rigao's ghost (journeyman GrBr)
 41925 | Spider:1 | Noticed Kirke
 41941 | Spider:1 | Killed Kirke
 41942 | Spider:1 | Reached skill level 5 in Air Magic
 42196 | Spider:1 | Reached skill level 5 in Necromancy
 42475 | Spider:1 | Noticed Nikola
 42670 | Spider:1 | Killed Nikola
 42671 | Spider:1 | Reached XP level 19. HP: 107/137 MP: 11/36
 43784 | Spider:3 | Noticed Arachne
 43788 | Spider:3 | Killed Arachne
 43827 | Spider:3 | Noticed Mlioglotl
 43841 | Spider:3 | Killed Mlioglotl
 44439 | Spider:3 | Reached skill level 15 in Fighting
 45025 | Spider:4 | Entered Level 4 of the Spider Nest
 45549 | Spider:4 | Identified the +2 chain mail of the Moon {rF+ Regen+ Str+9
                  | Slay-6}
 45813 | Spider:4 | Identified the +0 chain mail "Paij Ubb" {MP+9 Str+4 Dex+4}
 46498 | Spider:4 | Got a gossamer rune of Zot
 46599 | Spider:4 | Identified the +0 hat of Defence {rElec Str+3}
 46612 | Spider:4 | Learned a level 5 spell: Borgnjor's Vile Clutch
 47081 | Vaults:1 | Entered Level 1 of the Vaults
 47385 | Vaults:1 | Reached skill level 1 in Invocations
 47385 | Vaults:1 | Reached skill level 1 in Evocations
 47871 | Vaults:1 | Identified the ring "Vexofic" {AC+4 Str+3}
 48078 | Vaults:1 | Reached XP level 20. HP: 140/145 MP: 19/38
 48731 | Vaults:1 | Reached skill level 5 in Invocations
 48731 | Vaults:1 | Reached skill level 5 in Evocations
 49801 | Vaults:2 | Reached skill level 1 in Earth Magic
 50742 | Vaults:2 | Reached skill level 5 in Earth Magic
 51781 | Vaults:2 | Noticed Margery
 53176 | Vaults:3 | Noticed Frederick
 53176 | Vaults:3 | Killed from afar by a crystal guardian

Illustrated notes

Levels and vault maps discovered:
D:1:      lightli_arrival_chessboard, layout_basic, serial_bayou_pond_b,
          chequers_arboretum
D:2:      layout_loops_ring, hangedman_abyss_or_decor_lesser_grid, minivault_25,
          hex_large, minmay_distorted, uniq_crazy_yiuf_cottage
D:3:      layout_rooms, grunt_temple_overflow_holy_war,
          nicolae_overflow_ecumenical_swirl, nzn_wu_jian_contemplation,
          amcnicky_altar_lugonu_corruption
D:4:      layout_gridville, minmay_temple_entry_tees, corexii_corridor_pit,
          serial_bayou_pond_e, minmay_ogre_servants
D:5:      layout_rooms, gammafunk_temple_overflow_claw, serial_shops,
          nicolae_square_shop
D:6:      layout_rooms
D:7:      layout_rooms, serial_shops, nicolae_diamond_shop, uniq_pikel,
          uniq_menkaure
D:8:      layout_loops_cross, kb_xom_exploding_sheep, uniq_prince_ribbit1,
          uniq_grum, uniq_psyche
D:9:      layout_loops_cross, serial_shops, shop_coins, serial_bayou_pond_e,
          sword_in_stone
D:10:     layout_irregular_city, gammafunk_temple_overflow_forgotten,
          fungi_pond_lemuel, serial_bayou_pond_d, kennysheep_small_circle
D:11:     layout_basic, david_lair_generic, david_orc_5
D:12:     layout_roguey, nicolae_trove_entry_crystal, kennysheep_treasure_room
D:13:     layout_long_grid, serial_shops,
          nicolae_shop_temple_entry_statues_fountains, corexii_corridor_pit,
          minmay_misc_feat_tower
D:14:     layout_long_grid, david_vaults_5, gauntlet_entry_generic,
          chequers_serial_rivers_micro_e, hangedman_glass_garden,
          kennysheep_flooded_box, okawaru_gym_becter, uniq_snorg
D:15:     grunt_enter_depths_hoard, layout_irregular_city,
          palyth_stone_intersect, serial_shops, shop, uniq_rupert
Temple:   grunt_temple_mini_profane
Lair:1:   layout_big_grid, nicolae_lair_lindhole, grunt_megastairs_2,
          serial_bayou_shore_a
Lair:2:   layout_hall_layers, nicolae_shoals_entry_flooding,
          nicolae_lair_lil_pond, uniq_nergalle
Lair:3:   layout_roguey, nicolae_spider_entry_lesser_pyramids, special_room
          [special_room_bee]
Lair:4:   layout_long_grid
Lair:5:   due_jungle_book, layout_loops_ring, nicolae_slime_entry_slimehenge,
          gammafunk_ghost_abyssal_escape, chequers_serial_rivers_micro_b,
          kennysheep_basilisk_garden
Shoals:1: layout_shoals, ebering_ghost_davey_jones
Shoals:2: layout_shoals, uniq_aizul, uniq_louise, uniq_polyphemus
Shoals:3: layout_shoals, nicolae_shoals_lost_giant_hut, nicolae_shoals_loop_pool
Shoals:4: shoals_end_grunt_ice, layout_shoals
Spider:1: layout_spider_delve, uniq_nikola, uniq_kirke
Spider:2: layout_spider_delve, einodemon_crawler_minivault,
          nicolae_spider_cling_halls
Spider:3: layout_spider_delve, uniq_mlioglotl, uniq_arachne
Spider:4: guppyfry_spider_rune
Orc:1:    layout_caves, basic_altar, nicolae_orc_lava_room
Orc:2:    grunt_orc_tribal_feast, layout_caves, roderic_batcave, mines5_lemuel
Elf:1:    minmay_the_grid_octo_tiled_octocenter_mashed
          [minmay_the_grid_octo_chip, minmay_the_grid_octo_toaster,
          minmay_the_grid_octo_fat_diamond, minmay_the_grid_octo_focus,
          minmay_the_grid_octo_prize_ultimate_mussel_roller,
          minmay_the_grid_square_5x5_tie,
          minmay_the_grid_square_5x5_hollow_slash,
          minmay_the_grid_square_5x5_checkered,
          minmay_the_grid_square_5x5_longway], layout_rooms, eino_tiny_chamber,
          uniq_donald
Vaults:1: nicolae_vaults_shelves_hall, v_misc_1, nicolae_vaults_network_s,
          vaults_room_boxed, hangedman_vaults_trim,
          ontoclasm_vaults_loading_screen, dpeg_vaults_monster_row, v_misc_3,
          nicolae_vaults_little_squares_5, vaults_room_semicircle, st_lines,
          layout_vaults_omnigrid
Vaults:2: hangedman_vaults_unwind, v_rooms_2, v_alt_pattern_3,
          nicolae_vaults_triangles, ontoclasm_vaults_spin, grunt_vaults_twisty,
          st_lattice, hangedman_vaults_maws, v_alt_pattern_1, vaults_dpeg_doors,
          serial_ice_b, ontoclasm_vaults_hangar, layout_vaults_omnibox,
          uniq_boris, uniq_margery
Vaults:3: vaults_room_fancy_cross, nicolae_vaults_network_square,
          nicolae_vaults_three_branches, v_alt_pattern_1,
          hangedman_vaults_slither, v_alt_pattern_4, hangedman_vaults_capsules,
          vaults_room_pools, v_alt_pattern_5, vaults_dpeg_hooks, v_pattern_2,
          layout_vaults_ring, uniq_frederick, uniq_xtahua

Skill      XL: |  1  2  3  4  5  6  7  8  9 10 11 12 13 14 15 16 17 18 19 20 |
---------------+-------------------------------------------------------------+-----
Unarmed Combat | 4 5 7 8 9 12 14 15 | 15.2
Transmutations | 3 4 6 7 9 11 | 11.1
Ice Magic      | 1 2 3 4 5 6 7 8 12 | 12.0
Fighting       | 2 3 5 7 9 10 11 12 13 14 15 | 15.2
Spellcasting   | 3 4 5 6 9 10 13 14 | 14.4
Stealth        | 4 6 7 |  7.1
Dodging        | 4 5 7 9 11 12 13 14 | 14.1
Conjurations   | 3 5 6 7 |  7.1
Air Magic      | 3 6 7 |  7.2
Necromancy     | 6 |  6.9
Invocations    | 3 6 |  6.1
Evocations     | 3 6 |  6.1
Earth Magic    | 9 |  9.0

Action                     |  1- 3 |  4- 6 |  7- 9 | 10-12 | 13-15 | 16-18 | 19-21 || total
---------------------------+-------+-------+-------+-------+-------+-------+-------++-------
  Melee: Unarmed           |    75 |   122 |   174 |   448 |   544 |   317 |   383 ||  2063
         Tentacles         |    14 |    24 |     4 |       |     3 |     2 |    13 ||    60
         Kick              |    22 |    22 |     3 |       |     2 |     3 |    16 ||    68
         Constrict         |    20 |    29 |     3 |       |     4 |     1 |     5 ||    62
         Punch             |     1 |     3 |       |       |       |     1 |     6 ||    11
         Staff             |       |       |       |       |    15 |     4 |    26 ||    45
   Cast: Beastly Appendage |    18 |    21 |       |       |       |       |       ||    39
         Ice Form          |       |     5 |    25 |    44 |    76 |   120 |    49 ||   319
         Freezing Cloud    |       |       |       |    11 |   179 |   322 |    42 ||   554
         Simulacrum        |       |       |       |       |       |    32 |   135 ||   167
         Borgnjor's Vile C |       |       |       |       |       |       |    24 ||    24
 Invoke: Shadow Step       |       |       |       |       |       |       |     2 ||     2
  Evoke: Wand              |       |       |       |    17 |     2 |     2 |       ||    21
    Use: Potion            |       |     1 |     3 |     2 |     3 |     7 |     5 ||    21
         Scroll            |       |       |     6 |    13 |    10 |     6 |     7 ||    42
   Stab: Sleeping          |     6 |     8 |     1 |     1 |       |       |     3 ||    19
         Distracted        |       |     1 |       |     1 |     2 |     2 |     3 ||     9
         Invisible         |       |       |       |       |     2 |       |       ||     2
 Armour: Skin              |     9 |    15 |    59 |   128 |   132 |   193 |   197 ||   733
  Dodge: Dodged            |    40 |    57 |    67 |   210 |   327 |   282 |   301 ||  1284

Table legend: (Time is in decaauts)
 A = Elapsed time spent in this place.
 B = Non-inter-level travel time spent in this place.
 C = Inter-level travel time spent in this place.
 D = Time resting spent in this place.
 E = Time spent auto-exploring this place.
 F = Levels seen in this place.
 G = Mean time per level.
                   A        B        C        D        E       F      G
               +--------+--------+--------+--------+--------+-----+--------+
         Total |  52790 |  50585 |   2205 |  13751 |  26132 |  36 | 1466.4 |
       Dungeon |  17060 |  16024 |   1036 |   2846 |  10127 |  15 | 1137.3 |
        Temple |    241 |    219 |     22 |      0 |    171 |   1 |  241.0 |
          Lair |   8436 |   7937 |    499 |   2269 |   3904 |   5 | 1687.2 |
        Shoals |   8991 |   8807 |    184 |   3433 |   3088 |   4 | 2247.8 |
   Spider Nest |   4788 |   4613 |    175 |    886 |   2690 |   4 | 1197.0 |
  Orcish Mines |   2789 |   2632 |    157 |    842 |   1239 |   2 | 1394.5 |
   Elven Halls |   3646 |   3608 |     38 |   2032 |    939 |   1 | 3646.0 |
        Vaults |   6033 |   5941 |     92 |   1134 |   3794 |   3 | 2011.0 |
      Gauntlet |    803 |    803 |      0 |    307 |    180 |   1 |  803.0 |
               +--------+--------+--------+--------+--------+-----+--------+

Top non-repeatable levels by time:
   Elf:1: 3646 daAuts
Shoals:4: 3045 daAuts
  Lair:5: 2826 daAuts
Vaults:1: 2654 daAuts
Vaults:2: 2180 daAuts
Shoals:3: 2109 daAuts
   Orc:2: 2031 daAuts
Shoals:2: 1925 daAuts
Shoals:1: 1911 daAuts
    D:11: 1864 daAuts
  Lair:3: 1672 daAuts
Spider:4: 1643 daAuts
  Lair:1: 1632 daAuts
    D:15: 1564 daAuts
Spider:3: 1461 daAuts
